 Dungeon Crawl Stone Soup version 0.29.1-13-g9f3cf754e1 (webtiles) character file.

Game seed: 17574290832318331869

868 Randwarf the Skirmisher (level 7, 0/29 (31) HPs)
             Began as a Spriggan Hunter on Jan 19, 2023.
             Was a Follower of Hepliaklqana.
             Slain by a black bear (3 damage)
             ... on level 6 of the Dungeon.
             The game lasted 00:15:19 (5150 turns).

Randwarf the Skirmisher (Spriggan Hunter)           Turns: 5150, Time: 00:15:21

HP:   0/29 (31)     AC:  2    Str:  7    XL:     7   Next: 73%
MP:   6/8           EV: 25    Int: 10    God:    Hepliaklqana [*.....]
Gold: 213           SH:  0    Dex: 27    Spells: 6/6 levels left

rFire   . . .      SeeInvis +   a - +0 shortbow
rCold   . . .      Faith    .   (shield currently unavailable)
rNeg    . . .      Spirit   .   c - +0 robe
rPois   .          Reflect  .   (helmet restricted)
rElec   .          Harm     .   (no cloak)
rCorr   .          Rampage  .   (gloves unavailable)
Will    +....                   (boots unavailable)
Stlth   +++.......              d - amulet of regeneration
HPRegen 0.89/turn               o - +6 ring of dexterity
MPRegen 0.11/turn               F - +4 ring of evasion

@: drained, very quick
A: reduced essence, very small, no large weapons, unfitting armour, see
invisible, speed 3
a: Renounce Religion, Recall Ancestor, Ancestor Identity


You were on level 6 of the Dungeon.
You worshipped Hepliaklqana.
Hepliaklqana was aware of your devotion.
You visited 1 branch of the dungeon, and saw 6 of its levels.

You collected 213 gold pieces.

Inventory:

Hand Weapons
 a - a +0 shortbow (weapon)
Missiles
 C - a throwing net
Armour
 c - a +0 robe (worn)
 E - a +0 pair of boots
Magical Staves
 v - a staff of conjuration
Jewellery
 d - an amulet of regeneration (around neck)
 o - a +6 ring of dexterity (left hand)
 F - a +4 ring of evasion (right hand)
Wands
 n - a wand of polymorph (3)
 w - a wand of quicksilver (11)
Scrolls
 b - a scroll of immolation
 e - 2 scrolls of noise
 g - 2 scrolls of fear
 h - 2 scrolls of identify
 i - 2 scrolls of teleportation
 s - 2 scrolls of enchant armour
 u - a scroll of vulnerability {unknown}
 x - 2 scrolls of enchant weapon
 y - a scroll of magic mapping {unknown}
 A - a scroll of brand weapon {unknown}
Potions
 f - 3 potions of might {unknown}
 j - a potion of resistance {unknown}
 l - 2 potions of cancellation {unknown}
 m - 2 potions of curing {unknown}
 p - a potion of berserk rage {unknown}
 q - 2 potions of heal wounds {unknown}
 r - a potion of haste {unknown}
 t - a potion of flight {unknown}
 z - 2 potions of magic {unknown}
 B - a potion of lignification {unknown}
 D - a potion of ambrosia {unknown}


   Skills:
 + Level 2.5 Fighting
 * Level 8.8 Ranged Weapons
 * Level 4.7 Dodging
 + Level 2.2 Stealth


You had 6 spell levels left.
You didn't know any spells.
Your spell library contained the following spells:

 Spells                   Type           Power      Damage    Failure   Level
 Sting                    Tmut/Pois      0%         1d3       36%         1
 Poisonous Vapours        Pois/Air       0%         N/A       50%         2
 Ignite Poison            Fire/Tmut/Pois 0%         N/A       75%         3
 Mephitic Cloud           Conj/Pois/Air  0%         N/A       75%         3
 Ozocubu's Armour         Ice            0%         N/A       75%         3
 Olgreb's Toxic Radiance  Pois           0%         N/A       98%         4
 Freezing Cloud           Conj/Ice/Air   0%         6-21      100%        5
 Metabolic Englaciation   Hex/Ice        0%         N/A       100%        5
 Simulacrum               Ice/Necr       0%         N/A       100%        6


Dungeon Overview and Level Annotations

Branches:
Dungeon (6/15)
 Temple: D:4-7

Altars:
Hepliaklqana
Kikubaaqudgha
Okawaru
Uskayaw


Innate Abilities, Weirdness & Mutations

Your life essence is reduced to manifest your ancestor. (-10% HP)
You are very small and have problems with some larger weapons.
You are too small for most types of armour.
You have supernaturally acute eyesight. (SInv)
You cover ground extremely quickly. (Speed+++)


Message History

You don't know any spells.
Servia is recalled.
The black bear bites Servia!
The black bear barely misses Servia. x2
You are too injured to fight recklessly!
You are too injured to fight recklessly!
You are too injured to fight recklessly!
You are too injured to fight recklessly!
You are too injured to fight recklessly!
F - a +4 ring of evasion (right hand) Servia closely misses the black bear.
The black bear bites Servia.
The black bear claws Servia.
The black bear misses Servia.
Servia barely misses the black bear.
The black bear bites Servia but does no damage.
The black bear barely misses Servia.
The black bear claws Servia.
Servia hits the black bear.
The black bear bites Servia.
Servia is destroyed!
Okay, then.
The black bear closely misses you. The black bear misses you.
The black bear completely misses you.
Really attack while wielding your +0 shortbow? [Y]es or [N]o only, please.
Really attack while wielding your +0 shortbow? [Y]es or [N]o only, please.
Really attack while wielding your +0 shortbow? [Y]es or [N]o only, please.
Really attack while wielding your +0 shortbow?
You clumsily bash the black bear but do no damage.
The black bear is lightly wounded.
The black bear bites you!
* * * LOW HITPOINT WARNING * * *
The black bear closely misses you.
The black bear claws you but does no damage.
You completely miss the black bear.
The black bear is lightly wounded.
The wight completely misses you. The black bear closely misses you.
The black bear completely misses you. x2; The black bear bites you.
* * * LOW HITPOINT WARNING * * *
The black bear barely misses you. The black bear claws you.
You die...

####
##..##
#...@#
#...h#
#..z##
##.z#
#.##
#.##
#..#
#..#
##.##


You could see a black bear and 2 wights.

Vanquished Creatures
  An ice beast (D:4)
  2 black bears (D:5)
  A phantom (D:5)
  A necrophage (D:5)
  A scorpion (D:4)
  2 wights (D:6)
  A jelly (D:5)
  An orc priest (D:3)
  A hound (D:3)
  Jessica (D:2)
  An orc wizard (D:4)
  7 adders
  3 ufetubi
  A worm (D:3)
  2 dart slugs
  16 orcs
  5 ball pythons
  3 endoplasms
  5 giant cockroaches
  A goblin (D:4)
  9 hobgoblins
  3 quokkas
  7 bats
  2 frilled lizards (D:1)
  3 kobolds
  A rat (D:1)
81 creatures vanquished.

Vanquished Creatures (others)
  An ancestor (D:6)
1 creature vanquished.

Grand Total: 82 creatures vanquished

Notes
Turn   | Place    | Note
-------+----------+-------------------------------------------
     0 | D:1      | Randwarf the Spriggan Hunter began the quest for the Orb.
     0 | D:1      | Reached XP level 1. HP: 10/10 MP: 2/2
   140 | D:1      | Reached XP level 2. HP: 14/14 MP: 3/3
   511 | D:1      | Found a faded altar of an unknown god.
  1648 | D:2      | Noticed Jessica
  1679 | D:2      | Killed Jessica
  1680 | D:2      | Reached skill level 5 in Ranged Weapons
  1680 | D:2      | Reached XP level 3. HP: 18/18 MP: 4/4
  2359 | D:3      | Reached XP level 4. HP: 23/23 MP: 5/5
  2550 | D:3      | Reached skill level 6 in Ranged Weapons
  2760 | D:3      | Reached XP level 5. HP: 26/26 MP: 6/6
  3300 | D:4      | Noticed an ice beast
  3347 | D:4      | Killed an ice beast
  3363 | D:4      | Reached XP level 6. HP: 30/30 MP: 7/7
  3420 | D:4      | Reached skill level 7 in Ranged Weapons
  3699 | D:4      | Found an iron altar of Okawaru.
  3699 | D:4      | Found an ancient bone altar of Kikubaaqudgha.
  3840 | D:4      | Found a hazy altar of Hepliaklqana.
  3883 | D:4      | Became a worshipper of Hepliaklqana the Forgotten
  3954 | D:5      | Entered Level 5 of the Dungeon
  4152 | D:5      | Reached XP level 7. HP: 35/35 MP: 8/8
  4273 | D:5      | Found a hide-covered altar of Uskayaw.
  4273 | D:5      | Noticed a +0 dagger
  4273 | D:5      | Noticed a +0 spear
  4274 | D:5      | Noticed a +0 spear
  4275 | D:5      | Noticed a +0 short sword
  4278 | D:5      | Noticed a +0 short sword
  4279 | D:5      | Noticed a +0 falchion
  4283 | D:5      | Noticed a +0 falchion
  4284 | D:5      | Noticed a +0 dagger
  4306 | D:5      | Reached skill level 8 in Ranged Weapons
  4866 | D:5      | Reached * piety under Hepliaklqana
  5150 | D:6      | Slain by a black bear

Illustrated notes

Levels and vault maps discovered:
D:1:      shiori_arrival_elements, layout_basic, serial_forest,
          infiniplex_forest_straight_4, infiniplex_forest_lined_room_2,
          infiniplex_forest_lined_room_3, infiniplex_forest_clump_curved,
          infiniplex_forest_end_2, infiniplex_forest_straight_4,
          nicolae_ecumenical_lake_church, grunt_decor_cap,
          chequers_serial_rivers_small_3
D:2:      layout_loops_ring, uniq_jessica
D:3:      layout_basic, minmay_splitting_lines
D:4:      layout_cave_pools, marbit_many_paths, grunt_temple_overflow_open
D:5:      layout_basic, nicolae_uskayaw_en_pointe
D:6:      black_bear_nest_1, layout_cave_pools, minmay_misc_feat_five,
          nrook_mini_backslash, lexackson_kobold_supper

Skill      XL: |  1  2  3  4  5  6  7 |
---------------+----------------------+-----
Ranged Weapons | 5 6 7 8 |  8.8
Dodging        | 3 4 |  4.7
Fighting       | 2 |  2.5
Stealth        | 2 |  2.2

Action                   |  1- 3 |  4- 6 |  7- 9 || total
-------------------------+-------+-------+-------++-------
Melee: Shortbow          |       |       |     2 ||     2
 Fire: Shortbow          |    63 |   125 |    50 ||   238
Invok: Recall Ancestor   |       |       |     2 ||     2
  Use: Scroll            |     2 |     4 |     1 ||     7
Armor: Robe              |     1 |     2 |     2 ||     5
Dodge: Dodged            |     6 |    31 |    31 ||    68
